 Dungeon Crawl Stone Soup version 0.29-a0-664-gff9cad4a3d (webtiles) character file.

Game seed: 524644722592459107

84 frimble the Skirmisher (level 4, 0/40 HPs)
             Began as a Formicid Wanderer on June 23, 2022.
             Slain by an orc
             ... wielding a +0 war axe
              (9 damage)
             ... on level 3 of the Dungeon.
             The game lasted 00:02:38 (2063 turns).

frimble the Skirmisher (Formicid Wanderer)          Turns: 2063, Time: 00:02:39

Health: 0/40       AC:  4    Str: 14    XL:     4   Next: 72%
Magic:  5/5        EV: 11    Int: 12    God:
Gold:   101        SH:  0    Dex: 17    Spells: 2/5 levels left

rFire   . . .      SeeInvis +   p - +0 dagger (speed)
rCold   . . .      Faith    .   (no shield)
rNeg    . . .      Spirit   .   f - +0 leather armour
rPois   .          Reflect  .   (helmet unavailable)
rElec   .          Harm     .   k - +0 cloak
rCorr   .          Rampage  .   (no gloves)
Will    .....                   (no boots)
Stlth   +++.......              (no amulet)
HPRegen 0.13/turn               (no ring)
MPRegen 0.09/turn               (no ring)

@: no status effects
A: permanent stasis, dig shafts and tunnels, antennae 3, four strong arms
a: Dig, Shaft Self


You were on level 3 of the Dungeon.
You visited 1 branch of the dungeon, and saw 3 of its levels.

You collected 101 gold pieces.

Inventory:

Hand Weapons
 a - a +2 dagger
 p - a +0 dagger of speed (weapon)
Missiles
 c - a datura-tipped dart (quivered)
Armour
 f - a +0 leather armour (worn)
 k - a +0 cloak (worn)
Jewellery
 n - a ring of positive energy
Scrolls
 b - a scroll of brand weapon {unknown}
 e - a scroll of summoning
 h - 2 scrolls of identify
 j - a scroll of teleportation {unknown}
 m - a scroll of silence {unknown}
 q - a scroll of enchant weapon
 r - a scroll of fear {unknown}
Potions
 d - 3 potions of attraction
 g - a potion of brilliance
 i - a potion of mutation
 o - a potion of curing


   Skills:
 - Level 6.0 Fighting
 + Level 1.8 Short Blades
 - Level 5.6 Stealth
 - Level 1.1 Spellcasting
 + Level 1.4 Hexes


You had 2 spell levels left.
You knew the following spells:

 Your Spells              Type           Power      Damage    Failure   Level
a - Tukima's Dance        Hex            4%         N/A       54%         3

Your spell library contained the following spells:

 Spells                   Type           Power      Damage    Failure   Level
 Magic Dart               Conj           0%         1d3       36%         1
 Searing Ray              Conj           0%         2d4       50%         2
 Fulminant Prism          Conj/Hex       1%         3d6       96%         4
 Passage of Golubria      Tloc           0%         N/A       98%         4
 Yara's Violent Unravell  Hex/Tmut       1%         3d3       100%        5


Dungeon Overview and Level Annotations

Branches:
Dungeon (3/15)

Altars:

Annotations:
D:2 Sigmund


Innate Abilities, Weirdness & Mutations

You cannot be hasted, slowed, berserked, paralysed or teleported.
You can dig through walls and to a lower floor.
You have a pair of large antennae on your head. (SInv)
Your four strong arms can wield two-handed weapons with a shield.


Message History

Things that are here:
a +0 war axe; a +0 leather armour; an orc corpse You barely miss the orc.
You barely miss the orc. The orc barely misses you.
You hit the orc but do no damage. You barely miss the orc.
The orc barely misses you.
You hit the orc but do no damage. The orc hits you with a +0 war axe.
You hit the orc but do no damage. You hit the orc but do no damage.
The orc hits you but does no damage.
You hit the orc but do no damage. You barely miss the orc.
The orc hits you with a +0 war axe.
You hit the orc but do no damage. The orc hits you with a +0 war axe!
* * * LOW HITPOINT WARNING * * *
You barely miss the orc. You closely miss the orc. The orc barely misses you.
Throw: 3 darts (poison)
Press: ? - help, Q - select action, (/) - cycle Shift-Dir - straight line, f - orc
Aim: an orc, wielding a +0 war axe and wearing a +0 ring mail (66% to hit)
You throw a poisoned dart. The poisoned dart hits the orc.
The orc hits you with a +0 war axe.
* * * LOW HITPOINT WARNING * * *
You hit the orc but do no damage. The orc barely misses you.
Throw: 2 darts (poison)
Press: ? - help, Q - select action, (/) - cycle Shift-Dir - straight line, f/p - orc
Aim: an orc, wielding a +0 war axe and wearing a +0 ring mail (66% to hit)
You throw a poisoned dart.
The poisoned dart closely misses the orc.
The poisoned dart hits the endoplasm.
The orc hits you with a +0 war axe.
* * * LOW HITPOINT WARNING * * *
Throw: dart (poison)
Press: ? - help, Q - select action, (/) - cycle Shift-Dir - straight line, f/p - orc
Aim: an orc, wielding a +0 war axe and wearing a +0 ring mail (66% to hit)
You throw a poisoned dart.
The poisoned dart barely misses the orc.
The poisoned dart hits the endoplasm.
The orc misses you.
You closely miss the orc. You hit the orc but do no damage.
The orc hits you with a +0 war axe!
You die...

..####.##..#
........(..#
###...# #....(#
...#.#..)# .#
........)##.####
..##.#..J.......
#$#.#o#..#.## #
#.#@#..#.#
#.#.#..#.#
#.#.#....#.#
###...<....#.#
......#.####.#
......#.####.# #
..8#8......#.####.#
#.#)#.............#
# 8#8........).####


You could see an orc and an endoplasm.

Vanquished Creatures
  An orc wizard (D:3)
  2 adders (D:2)
  A dart slug (D:3)
  2 orcs (D:3)
  2 endoplasms (D:1)
  6 goblins
  4 hobgoblins
  2 jackals (D:2)
  3 kobolds
  A quokka (D:2)
  5 ball pythons
  A bat (D:2)
  3 frilled lizards
  4 rats
37 creatures vanquished.

Notes
Turn   | Place    | Note
-------+----------+-------------------------------------------
     0 | D:1      | frimble the Formicid Wanderer began the quest for the Orb.
     0 | D:1      | frimble set off with the following items: a +1 dagger, an
                  | atropa-tipped dart, 2 datura-tipped darts, a potion of
                  | attraction, a scroll of summoning, a +0 leather armour.
     0 | D:1      | Reached XP level 1. HP: 21/21 MP: 2/2
    55 | D:1      | Reached skill level 5 in Stealth
    82 | D:1      | Reached XP level 2. HP: 21/27 MP: 3/3
   734 | D:1      | Reached XP level 3. HP: 21/34 MP: 4/4
  1190 | D:2      | Reached skill level 6 in Fighting
  1650 | D:2      | Reached skill level 1 in Short Blades
  1654 | D:2      | Noticed Sigmund
  1811 | D:3      | Reached XP level 4. HP: 40/40 MP: 5/5
  1830 | D:3      | Found a faded altar of an unknown god.
  1843 | D:3      | Learned a level 3 spell: Tukima's Dance
  2041 | D:3      | Reached skill level 1 in Hexes
  2063 | D:3      | Slain by an orc

Illustrated notes

Levels and vault maps discovered:
D:1:      onia_arrival_pentagram, layout_basic
D:2:      layout_basic, uniq_sigmund, uniq_terence, uniq_jessica
D:3:      layout_loops_ring, hellmonk_ecumenical_altar_zigzags,
          minmay_statues_item, pf_guarded_unrand_meek, uniq_natasha

Skill      XL: |  1  2  3  4 |
---------------+-------------+-----
Stealth        | 5 |  5.6
Fighting       | 6 |  6.0
Short Blades   | 1 |  1.8
Hexes          | 1 |  1.4
Spellcasting   | |  1.1

Action                   |  1- 3 |  4- 6 || total
-------------------------+-------+-------++-------
Melee: Dagger            |    85 |    49 ||   134
       Punch             |     2 |       ||     2
Throw: Dart              |     2 |     6 ||     8
  Use: Scroll            |     4 |       ||     4
       Potion            |     1 |       ||     1
 Stab: Sleeping          |    10 |     1 ||    11
Armor: Leather armour    |    18 |     8 ||    26
Dodge: Dodged            |    46 |    19 ||    65

Table legend: (Time is in decaauts)
 A = Elapsed time spent in this place.
 B = Non-inter-level travel time spent in this place.
 C = Inter-level travel time spent in this place.
 D = Time resting spent in this place.
 E = Time spent auto-exploring this place.
 F = Levels seen in this place.
 G = Mean time per level.
                   A        B        C        D        E       F      G
               +--------+--------+--------+--------+--------+-----+--------+
         Total |   2048 |   2012 |     36 |    132 |   1529 |   3 |  682.7 |
       Dungeon |   2048 |   2012 |     36 |    132 |   1529 |   3 |  682.7 |
               +--------+--------+--------+--------+--------+-----+--------+

Top non-repeatable levels by time:
     D:1: 957 daAuts
     D:2: 716 daAuts
     D:3: 374 daAuts
